 Dungeon Crawl Stone Soup version 0.19-a0-414-g76fec5b (webtiles) character file.

22 Delvonshi the Conjurer (level 2, 0/19 HPs)
             Began as a Demonspawn Conjurer on May 31, 2016.
             Succumbed to an adder's poison
             ... on level 2 of the Dungeon.
             The game lasted 00:03:06 (1826 turns).

Delvonshi the Conjurer (Demonspawn Conjurer)        Turns: 1826, Time: 00:03:07

Health: 0/19       AC:  2    Str:  8    XL:     2   Next: 68%
Magic:  0/5        EV: 12    Int: 16    God:
Gold:   29         SH:  0    Dex: 13    Spells: 1 memorised, 4 levels left

rFire  . . .     SeeInvis .     (no weapon)
rCold  . . .     Gourm    .     a - +0 robe
rNeg   . . .     Faith    .     (no shield)
rPois  .         Spirit   .     (no helmet)
rElec  .         Dismiss  .     (no cloak)
rCorr  .         Reflect  .     (no gloves)
SustAt .         Harm     .     (no boots)
MR     .....                    (no amulet)
Stlth  ++........               (no ring)
                                (no ring)

@: lethally poisoned (0 -> -8), very slightly contaminated, not resistant to
hostile enchantments, unstealthy
A: hooves 1
a: no special abilities


You were on level 2 of the Dungeon.
You were very hungry.

You visited 1 branch of the dungeon, and saw 2 of its levels.

You collected 29 gold pieces.

Inventory:

Missiles
 f - an exploding tomahawk (quivered)
Armour
 a - a +0 robe (worn)
Wands
 j - a wand of digging (10/24)
Scrolls
 e - a scroll of remove curse {unknown}
 h - a scroll of immolation {unknown}
 l - a scroll of identify {unknown}
 m - a scroll of teleportation {unknown}
Potions
 d - a potion of invisibility {unknown}
 g - a potion of berserk rage {unknown}
 i - a potion of mutation {unknown}
 k - a potion of ambrosia {unknown}
Books
 b - a book of Conjurations

   Spells                             Type                      Level
   a - Magic Dart                     Conjuration                  1
   b - Searing Ray                    Conjuration                  2
   c - Dazzling Spray                 Conjuration/Hexes            3
   d - Fulminant Prism                Conjuration/Hexes            4
   e - Iskenderun's Mystic Blast      Conjuration                  4
   f - Iskenderun's Battlesphere      Conjuration/Charms           5
Comestibles
 c - 2 bread rations


   Skills:
 + Level 0.1 Throwing
 - Level 1.7 Dodging
 - Level 1.7 Stealth
 + Level 2.1 Spellcasting
 + Level 4.6 Conjurations


You had 4 spell levels left.
You knew the following spells:

 Your Spells              Type           Power        Failure   Level  Hunger
a - Magic Dart            Conj           ###.         3%          1    #......


Dungeon Overview and Level Annotations

Branches:
Dungeon (2/15)

Altars:


Innate Abilities, Weirdness & Mutations

You have large cloven feet.


Message History

Confirm with . or Enter, or press ? or * to list all spells.
Aiming: Magic Dart
Press: ? - help, Shift-Dir - straight line, f - adder
Aim: an adder You miscast Magic Dart.
You are very lightly contaminated with residual magic.
Nothing appears to happen.
The adder bites you.
* * * LOW HITPOINT WARNING * * *
Casting: Magic Dart
Confirm with . or Enter, or press ? or * to list all spells.
Aiming: Magic Dart
Press: ? - help, Shift-Dir - straight line, f/p - adder
Aim: an adder The magic dart hits the adder.
The adder is lightly wounded.
The adder closely misses you. The adder bites you.
* * * LOW HITPOINT WARNING * * *
You are lethally poisoned!
The adder poisons you!
You die...

############ ##.##
#....w.....####...
#.#####........... #.#
##.##..##### #.#
#.###...### #.#
#.#####...# #.#
#...#####.. #.#
###....###. ##@#
####.###. #..# #.w...
.######S################w
.........................
.######.#####.##########w
#.# ......... #.#
########. #####.####
#####. #........# ##.....


You could see an adder.

Vanquished Creatures
  A dart slug (D:1)
  A giant gecko (D:1)
  A goblin (D:1)
  2 hobgoblins (D:1)
  4 jackals (D:1)
  4 kobolds
  A ball python (D:2)
  A giant newt (D:1)
  3 rats
18 creatures vanquished.

Notes
Turn   | Place    | Note
--------------------------------------------------------------
     0 | D:1      | Delvonshi the Demonspawn Conjurer began the quest for the Orb.
     0 | D:1      | Reached XP level 1. HP: 13/13 MP: 3/3
   642 | D:1      | Gained mutation: You have large cloven feet. [demonic ancestry]
   642 | D:1      | Reached XP level 2. HP: 19/19 MP: 0/5
  1826 | D:2      | Succumbed to an adder's poison

Vault maps used:
D:1:      co_arrival_random_square_maze

Action                   || total
-------------------------++-------
Melee: Unarmed           ||    21
       Kick              ||     4
Throw: Tomahawk          ||     3
 Cast: Magic Dart        ||    42
  Eat: Chunk             ||     2
Armor: Robe              ||     3
Dodge: Dodged            ||    20
